 Dungeon Sprint DCSS version 0.30.1-9-gdf580d7c3d (webtiles) character file.

Game seed: 4964622827063075088

8100000 Heoruswealwe the Axe Maniac (level 27, -196/273 HPs)
             Began as a Minotaur Fighter on Sept 27, 2023.
             Was the Champion of Makhleb.
             Annihilated by a destroyer
             ... wielding a +9 heavy great sword
              (206 damage)
             ... in the Dungeon (Sprint VIII: "Arena of Blood").
             The game lasted 00:15:58 (81 turns).

Heoruswealwe the Axe Maniac (Minotaur Fighter)        Turns: 81, Time: 00:15:59

Health: -196/273   AC: 13    Str: 34    XL:     27
Magic:  28/53      EV: 21    Int:  5    God:    Makhleb [******]
Gold:   0          SH:  0    Dex: 11    Spells: 80/80 levels left

rFire   . . .        b - +∞ Axe of Woe
rCold   . . .        (shield currently unavailable)
rNeg    . . .        c - +0 scale mail
rPois   .            (helmet restricted)
rElec   .            (no cloak)
rCorr   .            (no gloves)
SInv    .            (no boots)
Will    ++...        (no amulet) Stlth
                     k - +30 ring of slaying
HPRegen 0.65/turn    j - +30 ring of slaying
MPRegen 0.33/turn

%: no teleportation
@: no status effects
A: horns 2, retaliatory headbutt
a: Renounce Religion, Minor Destruction, Lesser Servant of Makhleb, Major
Destruction, Greater Servant of Makhleb


You were in the Dungeon.
You worshipped Makhleb.
Makhleb was exalted by your worship.
You visited 1 branch

Inventory:

Hand Weapons
 a - a +0 war axe
 b - the +∞ Axe of Woe (weapon)
   (You found it in the Dungeon)
Armour
 c - a +0 scale mail (worn)
 d - a +0 buckler
Jewellery
 j - a +30 ring of slaying (right hand)
 k - a +30 ring of slaying (left hand)
Potions
 e - a potion of curing
 g - a potion of haste
 h - 2 potions of magic
 i - a potion of berserk rage
 l - a potion of might


   Skills:
 O Level 27 Fighting
 O Level 27 Axes
 O Level 27 Maces & Flails
 O Level 27 Polearms
 O Level 27 Staves
 + Level 0.0 Throwing
 O Level 27 Armour
 O Level 27 Dodging
 O Level 27 Shields
 O Level 27 Spellcasting
 O Level 27 Conjurations
 + Level 0.0 Hexes
 + Level 0.0 Summonings
 + Level 22.7 Necromancy
 O Level 27 Translocations
 O Level 27 Transmutations
 O Level 27 Fire Magic
 O Level 27 Ice Magic
 O Level 27 Air Magic
 O Level 27 Earth Magic
 O Level 27 Poison Magic
 O Level 27 Invocations
 O Level 27 Evocations


You had 80 spell levels left.
You didn't know any spells.
Your spell library was empty.

Dungeon Overview and Level Annotations

Branches:
Dungeon (1/1)

Altars:
Makhleb

Annotations:
D The Captor, The Servant


Innate Abilities, Weirdness & Mutations

You have a pair of horns on your head.
You reflexively headbutt those who attack you in melee.


Message History

Flame seeps out of the large bag of meat.
You hew the large bag of meat savagely.
Makhleb accepts your kill.
You open the meat beast like a pillowcase!!!
You pulverise the meat beast into a thin bloody mist.
You kill the meat beast!
Makhleb accepts your kill.
You feel better.
You slash the meat berserker!
You chop the meat berserker into pieces.
You kill the meat berserker!
Makhleb accepts your kill.
The large bag of meat explodes!
The fiery explosion engulfs you!!
* * * LOW HITPOINT WARNING * * *
You are engulfed in blazing flames.
* * * LOW HITPOINT WARNING * * *
You hear a shout!
You hear a roar!
You hear a shout! x5
A bag of meat comes into view. It is wielding a +9 war axe. x2
You hear a shout! x2
The destroyer casts a spell at you.
The destroyer blinks!
The dread calls on the powers of darkness!
The Captor convulses!
Your body is wracked with pain!
* * * LOW HITPOINT WARNING * * *
The bag of meat convulses! x7
You hear a shout!
Your Necromancy skill gained 5 levels and is now at level 22!
You have mastered Translocations!
You have mastered Transmutations!
You have mastered Poison Magic!
You feel much better.
You are engulfed in blazing flames.
* * * LOW HITPOINT WARNING * * *
You hear a shout!
A meat berserker comes into view. It is wielding a +9 battleaxe.
You hear a shout! x3
A bag of meat comes into view. It is wielding a +9 war axe. x2
The bag of meat is engulfed in blazing flames.
You hear a shout! x2
The destroyer hits you with a +9 heavy great sword!!!!!
Ouch! That really hurt!
You die... #...§o))# ...o ............. oooO.

..............#..z#
..........o..#oVO.#
.......oo..##.@.O.#
.#.....o..#o..oo.#
.@......W#oo.###.o
.W...§§Vo......#
....@.o@D.ooD...
#....§####......
...... ...... .....
...### ..=.. ###
####


You could see The Servant, 2 eight-headed meat hydras, 2 destroyers, a sculptor
of flesh, a large bag of meat (inner flame), 2 dreads, 2 meat berserkers, The
Captor (fast) and 18 bags of meat.

Vanquished Creatures
  A hell beast (D)
  2 royal mummies (D)
  14 vampire knights (D)
  26 ogres (D)
  5 two-headed ogres (D)
  3 liches (D)
  A hydra (D)
  43 orcs (D)
  8 skeletal warriors (D)
103 creatures vanquished.

Notes
Turn   | Place    | Note
-------+----------+-------------------------------------------
     0 | D        | Found the +∞ Axe of Woe
     0 | D        | Heoruswealwe the Minotaur Fighter began the quest for the
                  | Orb.
     0 | D        | Reached XP level 1. HP: 19/19 MP: 0/0
     1 | D        | Noticed a bag of meat
     1 | D        | Noticed a bag of meat
     3 | D        | Noticed a meat berserker
     3 | D        | Noticed a bag of meat
     3 | D        | Noticed a bag of meat
     4 | D        | Noticed a meat berserker
     4 | D        | Noticed a bag of meat
     4 | D        | Noticed a bag of meat
     5 | D        | Noticed a bag of meat
     8 | D        | Killed a meat berserker
     8 | D        | Noticed a bag of meat
     9 | D        | Reached XP level 2. HP: 16/52 MP: 1/1
     9 | D        | Reached XP level 3. HP: 18/59 MP: 2/2
     9 | D        | Reached XP level 4. HP: 21/68 MP: 3/3
     9 | D        | Reached XP level 5. HP: 23/74 MP: 4/4
     9 | D        | Reached XP level 6. HP: 26/82 MP: 5/5
     9 | D        | Reached XP level 7. HP: 28/90 MP: 6/6
     9 | D        | Reached XP level 8. HP: 31/97 MP: 7/7
     9 | D        | Reached XP level 9. HP: 33/104 MP: 8/8
     9 | D        | Reached XP level 10. HP: 35/112 MP: 9/9
     9 | D        | Reached XP level 11. HP: 38/119 MP: 10/10
     9 | D        | Killed a bag of meat
     9 | D        | Killed a bag of meat
     9 | D        | Killed a meat berserker
    10 | D        | Reached skill level 27 in Axes
    10 | D        | Reached XP level 12. HP: 46/145 MP: 11/11
    10 | D        | Reached XP level 13. HP: 48/152 MP: 12/12
    11 | D        | Killed a bag of meat
    11 | D        | Killed a bag of meat
    11 | D        | Killed a bag of meat
    12 | D        | Reached skill level 27 in Fighting
    12 | D        | Reached skill level 10 in Dodging
    12 | D        | Reached XP level 14. HP: 54/168 MP: 13/13
    12 | D        | Noticed a bag of meat
    12 | D        | Noticed a bag of meat
    12 | D        | Noticed a meat berserker
    13 | D        | Killed a bag of meat
    13 | D        | Killed a bag of meat
    13 | D        | Noticed a bag of meat
    14 | D        | Reached skill level 27 in Armour
    14 | D        | Reached skill level 15 in Dodging
    14 | D        | Reached XP level 15. HP: 57/174 MP: 14/14
    14 | D        | Killed a meat berserker
    15 | D        | Noticed a meat berserker
    16 | D        | Became a worshipper of Makhleb the Destroyer
    16 | D        | Noticed a meat berserker
    17 | D        | Killed a meat berserker
    18 | D        | Reached XP level 16. HP: 62/183 MP: 15/15
    19 | D        | Reached * piety under Makhleb
    19 | D        | Noticed a large bag of meat
    19 | D        | Noticed a meat berserker
    20 | D        | Reached skill level 27 in Shields
    20 | D        | Noticed a destroyer
    21 | D        | Reached skill level 5 in Invocations
    21 | D        | Killed a meat berserker
    21 | D        | Reached ** piety under Makhleb
    21 | D        | Noticed a meat berserker
    22 | D        | Killed a meat berserker
    23 | D        | Reached skill level 27 in Dodging
    23 | D        | Reached XP level 17. HP: 170/191 MP: 15/26
    23 | D        | Reached *** piety under Makhleb
    24 | D        | Reached skill level 15 in Invocations
    24 | D        | Killed a meat berserker
    24 | D        | Noticed a destroyer
    26 | D        | Killed a destroyer
    26 | D        | Reached **** piety under Makhleb
    26 | D        | Killed a large bag of meat
    27 | D        | Reached XP level 18. HP: 151/200 MP: 15/31
    27 | D        | Noticed a large bag of meat
    27 | D        | Noticed a destroyer
    28 | D        | Noticed a meat berserker
    28 | D        | Noticed a destroyer
    29 | D        | Killed a destroyer
    30 | D        | Reached skill level 27 in Polearms
    32 | D        | Noticed a meat berserker
    32 | D        | Noticed a destroyer
    33 | D        | Noticed a destroyer
    33 | D        | Killed a destroyer
    33 | D        | Killed a destroyer
    33 | D        | Reached ***** piety under Makhleb
    33 | D        | Noticed a meat berserker
    34 | D        | Reached XP level 19. HP: 207/207 MP: 17/35
    34 | D        | Killed a meat berserker
    35 | D        | Reached skill level 10 in Spellcasting
    35 | D        | Reached skill level 27 in Invocations
    35 | D        | Noticed a meat berserker
    36 | D        | Noticed a destroyer
    37 | D        | Killed a meat berserker
    37 | D        | Killed a destroyer
    38 | D        | Reached skill level 15 in Spellcasting
    38 | D        | Reached skill level 27 in Evocations
    39 | D        | Reached XP level 20. HP: 216/216 MP: 17/38
    39 | D        | Killed a destroyer
    40 | D        | Killed a meat berserker
    40 | D        | Reached ****** piety under Makhleb
    40 | D        | Noticed a destroyer
    40 | D        | Noticed a meat berserker
    40 | D        | Noticed a meat berserker
    41 | D        | Reached skill level 15 in Maces & Flails
    41 | D        | Reached skill level 15 in Staves
    41 | D        | Killed a destroyer
    41 | D        | Killed a large bag of meat
    41 | D        | Noticed a destroyer
    42 | D        | Killed a meat berserker
    42 | D        | Noticed an eight-headed meat hydra
    42 | D        | Noticed a destroyer
    43 | D        | Reached XP level 21. HP: 224/224 MP: 18/43
    44 | D        | Noticed an accursed
    44 | D        | Killed a destroyer
    45 | D        | Killed a destroyer
    48 | D        | Killed a destroyer
    48 | D        | Noticed a tyrant
    49 | D        | Reached skill level 27 in Maces & Flails
    49 | D        | Reached skill level 27 in Staves
    49 | D        | Noticed a tyrant
    51 | D        | Reached XP level 22. HP: 233/233 MP: 20/49
    51 | D        | Noticed a destroyer
    52 | D        | Reached skill level 27 in Conjurations
    52 | D        | Reached skill level 10 in Fire Magic
    52 | D        | Reached skill level 10 in Air Magic
    52 | D        | Noticed an accursed
    52 | D        | Killed a tyrant
    53 | D        | Noticed a tyrant
    53 | D        | Noticed a large bag of meat
    54 | D        | Killed a tyrant
    55 | D        | Reached skill level 15 in Fire Magic
    55 | D        | Reached skill level 15 in Air Magic
    55 | D        | Killed a destroyer
    55 | D        | Noticed a destroyer
    56 | D        | Reached skill level 27 in Spellcasting
    56 | D        | Reached XP level 23. HP: 212/240 MP: 21/53
    57 | D        | Killed a tyrant
    60 | D        | Reached skill level 10 in Earth Magic
    60 | D        | Noticed a destroyer
    60 | D        | Noticed a destroyer
    60 | D        | Noticed an accursed
    62 | D        | Killed a destroyer
    63 | D        | Reached XP level 24. HP: 249/249 MP: 23/53
    63 | D        | Noticed a large bag of meat
    67 | D        | Noticed an accursed
    68 | D        | Killed an accursed
    69 | D        | Reached skill level 27 in Fire Magic
    69 | D        | Reached skill level 27 in Ice Magic
    69 | D        | Reached skill level 27 in Air Magic
    69 | D        | Reached XP level 25. HP: 105/257 MP: 25/53
    69 | D        | Killed a large bag of meat
    69 | D        | Noticed a tyrant
    70 | D        | Reached skill level 27 in Earth Magic
    70 | D        | Killed a destroyer
    71 | D        | Reached XP level 26. HP: 216/266 MP: 25/53
    71 | D        | Noticed a dread
    72 | D        | Killed a large bag of meat
    72 | D        | Killed a destroyer
    73 | D        | Noticed a dread
    73 | D        | Noticed a dread
    74 | D        | Killed an accursed
    74 | D        | Noticed a dread
    75 | D        | Reached skill level 15 in Necromancy
    75 | D        | Reached XP level 27. HP: 182/273 MP: 26/53
    75 | D        | Noticed a meat beast
    75 | D        | Noticed The Captor
    76 | D        | Noticed a large bag of meat
    76 | D        | Noticed a destroyer
    76 | D        | Noticed a destroyer
    76 | D        | Noticed The Servant
    76 | D        | Noticed a destroyer
    76 | D        | Noticed a large bag of meat
    80 | D        | Killed a large bag of meat
    80 | D        | Killed a meat beast
    80 | D        | HP: 11/273 [??? (9)]
    81 | D        | Reached skill level 27 in Translocations
    81 | D        | Reached skill level 27 in Transmutations
    81 | D        | Reached skill level 27 in Poison Magic
    81 | D        | Annihilated by a destroyer

Illustrated notes

Levels and vault maps discovered:
D:        meatsprint

Skill      XL: |  1  2  3  4  5  6  7  8  9 10 11 12 13 14 15 16 17 18 19 20 21 22 23 24 25 26 27 |
---------------+----------------------------------------------------------------------------------+-----
Fighting       | 18 24 27 | 27.0
Axes           | 24 27 | 27.0
Armour         | 18 24 26 27 | 27.0
Dodging        | 10 15 22 27 | 27.0
Shields        | 11 16 24 27 | 27.0
Polearms       | 16 25 27 | 27.0
Invocations    | 14 21 26 27 | 27.0
Evocations     | 12 20 24 27 | 27.0
Spellcasting   | 8 15 19 24 27 | 27.0
Conjurations   | 9 16 21 26 27 | 27.0
Maces & Flails | 6 21 27 | 27.0
Staves         | 6 21 27 | 27.0
Fire Magic     | 8 19 24 27 | 27.0
Air Magic      | 8 19 24 27 | 27.0
Ice Magic      | 16 22 27 | 27.0
Earth Magic    | 16 25 27 | 27.0
Translocations | 18 23 27 | 27.0
Transmutations | 19 25 27 | 27.0
Poison Magic   | 18 23 27 | 27.0
Necromancy     | 15 22 | 22.7

Action                     |  1- 3 |  4- 6 |  7- 9 | 10-12 | 13-15 | 16-18 | 19-21 | 22-24 | 25-27 || total
---------------------------+-------+-------+-------+-------+-------+-------+-------+-------+-------++-------
  Melee: Executioner's axe |     1 |       |       |     1 |     5 |    10 |    13 |    14 |     9 ||    53
 Invoke: Greater Servant o |       |       |       |       |       |       |       |     1 |       ||     1
    Use: Scroll            |       |       |       |       |       |       |       |       |     1 ||     1
         Potion            |       |       |       |       |       |       |       |       |     1 ||     1
